 Dungeon Crawl Stone Soup version 0.21-a0-578-gc6e9d75 (webtiles) character file.

4092 galech the Grappler (level 10, 0/92 HPs)
             Began as a Troll Monk on Dec 18, 2017.
             Was a Believer of Okawaru.
             Slain by a wolf (3 damage)
             ... led by Grum
             ... on level 8 of the Dungeon.
             The game lasted 00:12:06 (5754 turns).

galech the Grappler (Troll Monk)                    Turns: 5754, Time: 00:12:07

Health: 0/92       AC: 11    Str: 24    XL:     10   Next: 5%
Magic:  9/9        EV: 13    Int:  6    God:    Okawaru [**....]
Gold:   278        SH:  0    Dex: 12    Spells: 9/9 levels left

rFire    . . .     SeeInvis .     - Unarmed
rCold    . . .     Gourm    +   (no shield)
rNeg     . . .     Faith    .   a - +0 robe
rPois    +         Spirit   .   (helmet restricted)
rElec    .         Reflect  .   (no cloak)
rCorr    .         Harm     .   (gloves unavailable)
MR       .....                  (boots unavailable)
Stlth    ++........             q - amulet of rage
HPRegen  0.65/turn              k - +6 ring of protection
MPRegen  0.11/turn              E - ring of poison resistance

@: about to teleport
A: large, unfitting armour, claws 3, fast metabolism 3, gourmand, regeneration
1, shaggy fur 1, tough skin 2
a: Heroism, Renounce Religion, Evoke Berserk Rage


You were on level 8 of the Dungeon.
You worshipped Okawaru.
Okawaru was pleased with you.
You were not hungry.

You visited 2 branches of the dungeon, and saw 9 of its levels.

You collected 278 gold pieces.

Inventory:

Armour
 a - a +0 robe (worn)
Jewellery
 k - a +6 ring of protection (left claw)
 n - an uncursed ring of protection from cold
 q - an amulet of rage (around neck)
 C - an uncursed ring of resist corrosion
 E - a ring of poison resistance (right claw)
Wands
 d - a wand of flame (23)
 r - a wand of acid (9)
 x - a wand of random effects (33)
Scrolls
 f - 3 scrolls of immolation
 g - 3 scrolls of teleportation
 j - 2 scrolls of enchant weapon
 o - a scroll of amnesia
 t - 2 scrolls of fear {unknown}
 w - a scroll of random uselessness {unknown}
 z - 2 scrolls of blinking {unknown}
 B - a scroll of enchant armour {unknown}
 D - 4 scrolls of remove curse
 F - a scroll of magic mapping {unknown}
 G - a scroll of identify
Potions
 c - 3 potions of magic {unknown}
 e - 4 potions of degeneration {unknown}
 h - a potion of ambrosia {unknown}
 i - a potion of invisibility {unknown}
 l - 2 potions of heal wounds {unknown}
 m - a potion of might
 p - 2 potions of haste {unknown}
 s - a potion of flight {unknown}
 u - 3 potions of curing {unknown}
 v - a potion of berserk rage {unknown}
 A - a potion of agility {unknown}
Books
 y - a book of Power

   Spells                             Type                      Level
   a - Iskenderun's Battlesphere      Conjuration/Charms           5
   b - Venom Bolt                     Conjuration/Poison           5
   c - Bolt of Magma                  Conjuration/Fire/Earth       5
   d - Iron Shot                      Conjuration/Earth            6
   e - Orb of Destruction             Conjuration                  7
   f - Spellforged Servitor           Conjuration/Summoning        7
Comestibles
 b - 14 rations


   Skills:
 + Level 4.0 Fighting
 + Level 6.8 Dodging
 + Level 2.8 Stealth
 + Level 11.2 Unarmed Combat


You had 9 spell levels left.
You didn't know any spells.

Dungeon Overview and Level Annotations

Branches:
Dungeon (8/15)             Temple (1/1) D:7
   Lair: D:8-11

Altars:
Ashenzari
Cheibriados
Elyvilon
Fedhas
Hepliaklqana
Kikubaaqudgha
Makhleb
Nemelex Xobeh
Okawaru
Qazlal
Sif Muna
Trog
Uskayaw
Vehumet
Wu Jian
Zin
The Shining One

Shops:
D:4 }

Annotations:
D:8 Grum


Innate Abilities, Weirdness & Mutations

You are too large for most types of armour.
You have claws for hands.
Your metabolism is lightning-fast.
You like to eat raw meat.
Your natural rate of healing is unusually fast.
You are covered in fur. (AC +1)
You have very tough skin. (AC +2)


Message History

The wolf closely misses you. The wolf misses you. The wolf barely misses you.
Grum shouts, "Release the hounds!"
The wolf bites you! Grum hits you from afar with a spear!!
* * * LOW HITPOINT WARNING * * *
The wolf bites you.
* * * LOW HITPOINT WARNING * * *
The wolf bites you but does no damage. The wolf bites you but does no damage.
The wolf bites you.
* * * LOW HITPOINT WARNING * * *
Grum points his finger and snarls, "Attack!"
The wolf closely misses you. The wolf bites you.
* * * LOW HITPOINT WARNING * * *
As you read the scroll of teleportation, it crumbles to dust.
You feel strangely unstable. The wolf closely misses you. x2
The wolf bites you.
You die...

#.######...#
#..#.#.###......... ...#
#...######.#.............
####
#...........#####......###
..........#### #......#
#.....<.....# #......#
#...........# #......#
..........# #......#
.(........# #......#
.........@# ########
.#####.#h# ### #.#h# ...
#.#h# #.#.# #.#g# #.#g#
###.#.### #.......#


You could see Grum, 3 wolves and a gnoll.

Vanquished Creatures
  Pikel (D:4)
  2 slime creatures (D:6)
  Eustachio (D:4)
  A hungry ghost (D:8)
  Menkaure (D:4)
  2 sky beasts
  A slave (D:4)
  An orc warrior (D:7)
  2 ice beasts
  2 ogres
  A wolf (D:8)
  2 phantoms (D:4)
  A centaur (D:6)
  4 big kobolds (D:6)
  3 bullfrogs (D:6)
  A wyvern skeleton (D:7)
  2 scorpions
  3 wights (D:6)
  4 crimson imps (D:5)
  A hound (D:4)
  An orc priest (D:6)
  4 jellies (D:6)
  2 orc wizards
  3 bullfrog skeletons
  An iguana (D:5)
  Terence (D:2)
  9 worker ants
  A statue (D:6)
  A hound zombie (D:7)
  A hound skeleton (D:4)
  2 worker ant zombies
  Robin (D:2)
  4 gnolls
  A howler monkey skeleton (D:6)
  13 adders
  A shadow imp (D:8)
  6 oozes
  An adder skeleton (D:6)
  3 worms (D:2)
  5 leopard geckos
  16 orcs
  2 ball pythons (D:3)
  9 bats
  6 giant cockroaches
  16 goblins
  6 hobgoblins
  13 jackals
  A quokka (D:7)
  4 frilled lizards
  A jackal zombie (D:5)
  16 kobolds
  A quokka skeleton (D:6)
  12 rats
  3 bushes (D:2)
  A toadstool (D:6)
204 creatures vanquished.

Vanquished Creatures (others)
  2 fungi (D:6)
  5 toadstools (D:6)
7 creatures vanquished.

Grand Total: 211 creatures vanquished

Notes
Turn   | Place    | Note
-------+----------+-------------------------------------------
     0 | D:1      | galech the Troll Monk began the quest for the Orb.
     0 | D:1      | Reached XP level 1. HP: 22/22 MP: 0/0
   113 | D:1      | Reached XP level 2. HP: 28/29 MP: 1/1
   356 | D:1      | Reached XP level 3. HP: 36/36 MP: 2/2
   828 | D:2      | Reached XP level 4. HP: 44/44 MP: 3/3
   891 | D:2      | Noticed Robin
   923 | D:2      | Killed Robin
   923 | D:2      | Reached skill level 4 in Unarmed Combat
  1143 | D:2      | Noticed Terence
  1160 | D:2      | Killed Terence
  1160 | D:2      | Reached XP level 5. HP: 42/52 MP: 4/4
  2335 | D:4      | Reached skill level 5 in Unarmed Combat
  2349 | D:4      | Found Furuast's Gadget Shoppe.
  2364 | D:4      | Reached XP level 6. HP: 60/61 MP: 5/5
  2525 | D:4      | Noticed Eustachio
  2532 | D:4      | Killed Eustachio
  2543 | D:4      | Reached skill level 6 in Unarmed Combat
  2565 | D:4      | Noticed a slave
  2567 | D:4      | Noticed Pikel
  2568 | D:4      | Noticed a slave
  2568 | D:4      | Noticed a slave
  2569 | D:4      | Noticed a slave
  2573 | D:4      | Killed a slave
  2584 | D:4      | Killed Pikel
  2584 | D:4      | Reached skill level 7 in Unarmed Combat
  2584 | D:4      | Reached XP level 7. HP: 30/67 MP: 6/6
  2710 | D:4      | Noticed Menkaure
  2717 | D:4      | Killed Menkaure
  2717 | D:4      | Reached skill level 5 in Dodging
  2717 | D:4      | Reached XP level 8. HP: 75/75 MP: 7/7
  2777 | D:4      | Reached skill level 8 in Unarmed Combat
  3056 | D:5      | Entered Level 5 of the Dungeon
  3628 | D:5      | Reached skill level 9 in Unarmed Combat
  3938 | D:6      | Reached XP level 9. HP: 83/83 MP: 8/8
  4077 | D:6      | Reached skill level 10 in Unarmed Combat
  4368 | D:6      | Found a radiant altar of Vehumet.
  4879 | D:7      | Reached skill level 11 in Unarmed Combat
  5302 | D:7      | Found a staircase to the Ecumenical Temple.
  5319 | Temple   | Entered the Ecumenical Temple
  5328 | Temple   | Became a worshipper of Warmaster Okawaru
  5328 | Temple   | Reached * piety under Okawaru
  5328 | Temple   | Reached ** piety under Okawaru
  5659 | D:8      | Reached XP level 10. HP: 92/92 MP: 9/9
  5715 | D:8      | Noticed Grum
  5749 | D:8      | HP: 4/92 [wolf[Grum] (5)]
  5754 | D:8      | Slain by a wolf

Vault maps used:
D:1:      nicolae_arrival_washed_ashore
D:2:      lexackson_kobold_supper, uniq_terence, uniq_robin
D:3:      first_ration
D:4:      serial_shops, nicolae_shop_crystal, uniq_menkaure, uniq_eustachio,
          uniq_pikel
D:5:      patterned_corridor
D:6:      cheibrodos_fertilizer, vehumet_statue, minmay_checkerbox
D:7:      minmay_temple_entry_trees
D:8:      uniq_grum
Temple:   dpeg_three_leaves_temple

Skill      XL: |  1  2  3  4  5  6  7  8  9 |
---------------+----------------------------+-----
Dodging        | 3 4 5 6 |  6.8
Unarmed Combat | 4 5 7 9 11 | 11.2
Fighting       | 3 4 |  4.0
Stealth        | 2 |  2.8

Action                   |  1- 3 |  4- 6 |  7- 9 | 10-12 || total
-------------------------+-------+-------+-------+-------++-------
Melee: Unarmed           |    92 |   340 |   305 |    26 ||   763
       Punch             |       |    11 |    12 |       ||    23
  Use: Scroll            |       |       |     5 |     1 ||     6
 Stab: Sleeping          |     2 |     1 |     7 |       ||    10
  Eat: Chunk             |    13 |    17 |    26 |     3 ||    59
       Ration            |       |       |       |     2 ||     2
Armor: Robe              |    40 |   109 |   108 |    12 ||   269
Dodge: Dodged            |    45 |   147 |   189 |    24 ||   405

Table legend:
 A = Spawn XP
 B = Non-spawn XP
 C = Spawn XP percentage of total XP
 D = Spawn monster count
 E = Non-spawn monster count
 F = Spawn count percentage of total count
 G = Total turns spent on level
                    A         B        C        D         E        F      G
               +---------+---------+-------+---------+---------+-------+---------
         Total |       0 |    5846 |   0.0 |       0 |     199 |   0.0 |  5754
               +---------+---------+-------+---------+---------+-------+---------
           D:1 |       0 |      46 |   0.0 |       0 |      25 |   0.0 |   543
           D:2 |       0 |     165 |   0.0 |       0 |      38 |   0.0 |  1047
           D:3 |       0 |      46 |   0.0 |       0 |      19 |   0.0 |   712
           D:4 |       0 |    1716 |   0.0 |       0 |      25 |   0.0 |   754
           D:5 |       0 |     704 |   0.0 |       0 |      21 |   0.0 |   868
           D:6 |       0 |    2282 |   0.0 |       0 |      49 |   0.0 |   907
           D:7 |       0 |     534 |   0.0 |       0 |      16 |   0.0 |   617
           D:8 |       0 |     353 |   0.0 |       0 |       6 |   0.0 |   287
               +---------+---------+-------+---------+---------+-------+---------
